 Dungeon Crawl Stone Soup version 0.28.0-43-g3370ac3207 (webtiles) character file.

Game seed: 2927057969462700078

49 fknight the Chopper (level 3, 0/33 HPs)
             Began as a Hill Orc Monk on Mar 4, 2022.
             Slain by Natasha (4 damage)
             ... on level 2 of the Dungeon.
             The game lasted 00:07:01 (2104 turns).

fknight the Chopper (Hill Orc Monk)                 Turns: 2104, Time: 00:07:01

Health: 0/33       AC:  7    Str: 15    XL:     3   Next: 77%
Magic:  3/3        EV: 10    Int: 10    God:
Gold:   69         SH:  0    Dex: 13    Spells: 2/2 levels left

rFire   + . .      SeeInvis .   a - +0 hand axe
rCold   . . .      Faith    .   (no shield)
rNeg    . . .      Spirit   .   m - +0 scale mail
rPois   .          Reflect  .   c - +0 helmet
rElec   .          Harm     .   (no cloak)
rCorr   .          Rampage  .   (no gloves)
Will    .....                   (no boots)
Stlth   +.........              (no amulet)
HPRegen 0.11/turn               l - ring of protection from fire
MPRegen 0.08/turn               (no ring)

@: slowed, very slow
A: no striking features
a: no special abilities


You were on level 2 of the Dungeon.
You visited 1 branch of the dungeon, and saw 4 of its levels.

You collected 69 gold pieces.

Inventory:

Hand Weapons
 a - a +0 hand axe (weapon)
Missiles
 d - 20 stones (quivered)
 g - 2 poisoned darts
 i - 21 sling bullets
Armour
 b - a +0 robe
 c - a +0 helmet (worn)
 h - a +0 leather armour
 j - a +0 ring mail
 m - a +0 scale mail (worn)
Jewellery
 l - a ring of protection from fire (left hand)
Scrolls
 e - 2 scrolls of teleportation {unknown}
 o - a scroll of identify {unknown}
Potions
 f - a potion of curing {unknown}
 k - a potion of berserk rage {unknown}
 n - a potion of attraction {unknown}


   Skills:
 + Level 4.2 Fighting
 + Level 4.6 Axes
 + Level 2.8 Dodging
 + Level 2.2 Stealth


You had 2 spell levels left.
You didn't know any spells.
Your spell library was empty.

Dungeon Overview and Level Annotations

Branches:
Dungeon (4/15)
 Temple: D:4-7

Altars:

Annotations:
D:2 Natasha


Message History

Natasha stares at you and mumbles some strange words.
The magic dart hits you.
The crimson imp hits you but does no damage.
The goblin barely misses you.
You hit Natasha but do no damage.
Natasha is almost dead.
You barely miss the crimson imp. You hit the goblin.
You kill the goblin!
Natasha casts a spell at you. You resist with significant effort.
The crimson imp hits you but does no damage.
Natasha claws you but does no damage.
You closely miss Natasha.
Natasha is almost dead.
You hit the crimson imp but do no damage.
The crimson imp closely misses you.
Natasha mewls in sadness.
Natasha claws you.
* * * LOW HITPOINT WARNING * * *
The crimson imp barely misses you. Natasha claws you.
* * * LOW HITPOINT WARNING * * *
You hit Natasha but do no damage.
Natasha is almost dead.
You closely miss the crimson imp.
The crimson imp hits you but does no damage.
Natasha closely misses you.
You hit Natasha but do no damage.
Natasha is almost dead.
You closely miss the crimson imp. The crimson imp hits you.
* * * LOW HITPOINT WARNING * * *
Natasha casts a spell.
The crimson imp closely misses you.
Natasha hisses.
Natasha closely misses you.
You closely miss Natasha.
Natasha is severely wounded.
You closely miss the crimson imp. The crimson imp hits you.
* * * LOW HITPOINT WARNING * * *
Natasha claws you.
You die...

####### .......
### (......
##...####......:
#....^..........
+........)......
#.......@.......
#.......5h5.....
#........####...
#..?.....# ..
#........#
##########


You could see Natasha, a crimson imp (summoned) and a shadow imp (summoned).

Vanquished Creatures
  An orc (D:3)
  6 ball pythons
  3 endoplasms
  2 giant cockroaches (D:1)
  4 goblins
  2 hobgoblins
  6 jackals (D:1)
  2 quokkas (D:3)
  5 bats
  6 frilled lizards
  6 kobolds
  4 rats (D:1)
47 creatures vanquished.

Vanquished Creatures (others)
  9 plants (D:1)
9 creatures vanquished.

Grand Total: 56 creatures vanquished

Notes
Turn   | Place    | Note
-------+----------+-------------------------------------------
     0 | D:1      | fknight the Hill Orc Monk began the quest for the Orb.
     0 | D:1      | Reached XP level 1. HP: 19/19 MP: 1/1
    61 | D:1      | Found a faded altar of an unknown god.
    99 | D:1      | Reached XP level 2. HP: 13/27 MP: 2/2
   912 | D:1      | Reached XP level 3. HP: 33/33 MP: 3/3
  1761 | D:2      | You fall into a shaft and drop 2 floors!
  2085 | D:2      | Noticed Natasha
  2104 | D:2      | Slain by Natasha

Illustrated notes

Levels and vault maps discovered:
D:1:      evilmike_arrival_home_sweet_home, layout_basic,
          nicolae_ecumenical_lake_church, serial_rivers,
          chequers_serial_rivers_micro_b, chequers_serial_rivers_micro_b,
          chequers_serial_rivers_small_b, chequers_serial_rivers_small_b,
          chequers_serial_rivers_micro_d, chequers_serial_rivers_micro_a,
          serial_bayou_lake_a
D:2:      layout_basic, uniq_natasha
D:3:      layout_rooms, serial_glass, glass_columns_a, glass_columns_a,
          st_stairs_3, kennysheep_decorative_pillar
D:4:      layout_basic, gammafunk_ghost_arena, serial_corexii_hall,
          corexii_hall_statues_x, chequers_hall_statues_wall_a,
          corexii_hall_statues_s, corexii_hall_statues_l,
          corexii_hall_statues_deadend, corexii_hall_statues_x,
          grunt_decor_junction

Skill      XL: |  1  2 |
---------------+-------+-----
Stealth        | 2 |  2.2
Fighting       | 4 |  4.2
Axes           | |  4.6
Dodging        | |  2.8

Action                   || total
-------------------------++-------
Melee: Hand axe          ||   170
       Punch             ||     1
Throw: Stone             ||    19
 Stab: Sleeping          ||     2
Armor: Robe              ||    19
       Leather armour    ||    10
       Scale mail        ||    25
       Ring mail         ||    22
Dodge: Dodged            ||   132
